 Dungeon Crawl Stone Soup version 0.30-a0-883-g5ad918d77d (webtiles) character file.

Game seed: 16251098338829088757

3 croobank the Sneak (level 1, -2/16 HPs)
             Began as an Octopode Delver on Mar 17, 2023.
             Slain by a hobgoblin (4 damage)
             ... on level 4 of the Dungeon.
             The game lasted 00:01:04 (89 turns).

croobank the Sneak (Octopode Delver)                  Turns: 89, Time: 00:01:05

Health: -2/16      AC:  1    Str: 11    XL:     1   Next: 50%
Magic:  1/1        EV: 13    Int: 12    God:
Gold:   10         SH:  0    Dex: 13    Spells: 0/0 levels left

rFire   . . .      SeeInvis .      - Unarmed
rCold   . . .      Faith    .    (no shield)
rNeg    . . .      Spirit   .    (helmet restricted)
rPois   .          Reflect  .    (no amulet)
rElec   .          Rampage  .    (no ring)
rCorr   .                        (no ring)
Will    .....                    (no ring)
Stlth   ++++                     (no ring)
HPRegen 0.22/turn                (no ring)
MPRegen 0.07/turn                (no ring)
                                 (no ring)
                                 (no ring)

@: no status effects
A: almost no armour, amphibious, 8 rings, camouflage 1, gelatinous body 1,
(nimble swimmer 1), tentacles
a: no special abilities


You were on level 4 of the Dungeon.
You visited 1 branch of the dungeon, and saw 3 of its levels.

You collected 10 gold pieces.

Inventory:

Hand Weapons
 f - a +0 whip
 h - a +0 dagger
Jewellery
 g - a ring of fire
Wands
 e - a wand of digging (3)
Scrolls
 a - a scroll of fog
 b - a scroll of magic mapping
 c - a scroll of fear
Potions
 d - a potion of haste


   Skills:
 + Level 3.0 Fighting
 + Level 2.1 Dodging
 + Level 6.6 Stealth
 + Level 2.0 Unarmed Combat


You couldn't memorise any spells.
You didn't know any spells.
Your spell library was empty.

Dungeon Overview and Level Annotations

Branches:
Dungeon (6/15)
 Temple: D:4-7

Altars:


Innate Abilities, Weirdness & Mutations

You cannot wear most types of armour.
You are amphibious.
You can wear up to eight rings at the same time.
Your skin changes colour to match your surroundings (Stealth+).
Your rubbery body absorbs attacks. (AC +1, EV +1)
((You are camouflaged when in or above water. (Stealth+)))
You have tentacles for arms and can constrict up to eight enemies at once.


Message History

A dart slug comes into view.
Found a silvery potion.
You see here a ring of fire.
g - a ring of fire An ice beast comes into view.
There is a stone staircase leading up here.
You climb upwards.
The kobold shouts!
There is a stone staircase leading down here.
An endoplasm comes into view.
You closely miss the kobold.
The endoplasm quivers.
Your grab misses the kobold. You barely miss the kobold. You grab the kobold.
You constrict the kobold, but do no damage.
The kobold hits you but does no damage.
A hobgoblin comes into view.
You tentacle-slap the kobold but do no damage.
You constrict the kobold, but do no damage.
The kobold hits you with a +0 dagger.
You tentacle-slap the kobold.
The kobold is heavily wounded.
You constrict the kobold. The kobold hits you with a +0 dagger.
You tentacle-slap the kobold.
You kill the kobold!
You see here a +0 dagger.
h - a +0 dagger The endoplasm freezes you.
You are frozen.
You tentacle-slap the endoplasm.
The endoplasm is heavily wounded.
The endoplasm barely misses you. The hobgoblin hits you.
You tentacle-slap the endoplasm.
The endoplasm is almost dead.
The endoplasm hits you. The hobgoblin hits you.
* * * LOW HITPOINT WARNING * * *
You tentacle-slap the hobgoblin. Your grab misses the hobgoblin.
The hobgoblin is moderately wounded.
The endoplasm barely misses you. The hobgoblin hits you.
You die...

..........#
..........#
.........#
........#
#......#
..###......#
......g....#
......J@>..#
...........#
...........#
...........#
############


You could see an endoplasm and a hobgoblin.

Vanquished Creatures
  An orc (D:6)
  A kobold (D:4)
2 creatures vanquished.

Notes
Turn   | Place    | Note
-------+----------+-------------------------------------------
     0 | D:5      | croobank the Octopode Delver began the quest for the Orb.
     0 | D:5      | Reached XP level 1. HP: 16/16 MP: 1/1
    25 | D:6      | Noticed an ogre
    44 | D:6      | Noticed an ogre
    44 | D:6      | Noticed a sleepcap
    65 | D:5      | Noticed an ice beast
    89 | D:4      | Slain by a hobgoblin

Illustrated notes

Levels and vault maps discovered:
D:4:      dreamdust_elfheim, layout_gridville,
          mainiacjoe_overflow_small_starburst, kennysheep_nondescript
D:5:      layout_cave_pools, nicolae_qazlal_general_emergency,
          biasface_ghost_orc_armoury, nicolae_shop_unique_rings, nrook_uturn
D:6:      layout_loops_ring, yredelemnul_forgotten_temple_becter

Action                     || total
---------------------------++-------
  Melee: Unarmed           ||    11
         Constrict         ||     2
         Tentacles         ||     1
 Armour: Skin              ||     1
  Dodge: Dodged            ||     3

Table legend: (Time is in decaauts)
 A = Elapsed time spent in this place.
 B = Non-inter-level travel time spent in this place.
 C = Inter-level travel time spent in this place.
 D = Time resting spent in this place.
 E = Time spent auto-exploring this place.
 F = Levels seen in this place.
 G = Mean time per level.
                   A        B        C        D        E       F      G
               +--------+--------+--------+--------+--------+-----+--------+
         Total |     88 |     88 |      0 |      3 |     19 |   3 |   29.3 |
       Dungeon |     88 |     88 |      0 |      3 |     19 |   3 |   29.3 |
               +--------+--------+--------+--------+--------+-----+--------+

Top non-repeatable levels by time:
     D:6: 52 daAuts
     D:5: 21 daAuts
     D:4: 14 daAuts
